 Dungeon Crawl Stone Soup version 0.30-a0-778-g2ef04afb54 (webtiles) character file.

Game seed: 2155171861702122704

280 Anon1729 the Chopper (level 6, -2/56 HPs)
             Began as a Minotaur Monk on Feb 16, 2023.
             Slain by a river rat (5 damage)
             ... summoned by Eustachio
             ... on level 4 of the Dungeon.
             The game lasted 00:02:56 (3038 turns).

Anon1729 the Chopper (Minotaur Monk)                Turns: 3038, Time: 00:02:56

Health: -2/56      AC:  3    Str: 17    XL:     6   Next: 5%
Magic:  6/6        EV: 13    Int:  7    God:
Gold:   135        SH:  0    Dex: 13    Spells: 5/5 levels left

rFire   . . .      SeeInvis .    a - +0 hand axe
rCold   . . .      Faith    .    (no shield)
rNeg    . . .      Spirit   .    b - +0 robe
rPois   .          Reflect  .    (helmet restricted)
rElec   .          Harm     .    (no cloak)
rCorr   .          Rampage  .    h - +0 pair of gloves
Will    .....                    (no boots)
Stlth   ++                       (no amulet)
HPRegen 0.29/turn                (no ring)
MPRegen 0.10/turn                (no ring)

@: flying
A: horns 2, retaliatory headbutt
a: no special abilities


You were on level 4 of the Dungeon.
You visited 1 branch of the dungeon, and saw 4 of its levels.

You collected 135 gold pieces.

Inventory:

Hand Weapons
 a - a +0 hand axe (weapon)
Armour
 b - a +0 robe (worn)
 h - a +0 pair of gloves (worn)
Magical Staves
 f - a staff of poison
Wands
 p - a wand of flame (16)
 q - a wand of roots (13)
 r - a wand of polymorph (3)
Scrolls
 c - a scroll of fog {unknown}
 d - 3 scrolls of brand weapon {unknown}
 e - 8 scrolls of identify {unknown}
 g - a scroll of blinking {unknown}
 j - a scroll of amnesia {unknown}
 k - a scroll of fear {unknown}
 n - a scroll of poison {unknown}
 o - a scroll of noise {unknown}
 t - a scroll of magic mapping {unknown}
Potions
 i - 2 potions of flight
 l - 2 potions of lignification {unknown}
 m - 2 potions of degeneration {unknown}
 s - a potion of brilliance {unknown}


   Skills:
 + Level 5.0 Fighting
 + Level 5.1 Axes
 + Level 3.1 Armour
 + Level 4.6 Dodging
 - Level 1.5 Stealth
 + Level 1.3 Invocations


You had 5 spell levels left.
You didn't know any spells.
Your spell library was empty.

Dungeon Overview and Level Annotations

Branches:
Dungeon (4/15)
 Temple: D:4-7

Altars:
Elyvilon
Wu Jian
Xom
Zin

Shops:
D:4 (

Annotations:
D:4 Eustachio


Innate Abilities, Weirdness & Mutations

You have a pair of horns on your head.
You reflexively headbutt those who attack you in melee.


Message History

Eustachio is lightly wounded.
Eustachio mumbles some strange words.
You closely miss Eustachio. You headbutt Eustachio!
Eustachio is moderately wounded.
Eustachio hits you with a +0 rapier!
Eustachio casts a spell.
Eustachio blinks!
The quokka barely misses you. You furiously retaliate!
You headbutt the quokka!
You kill the quokka!
The quokka's corpse disappears in a puff of smoke!
The river rat bites you!
You are too injured to fight recklessly!
You are too injured to fight recklessly!
You barely miss Eustachio. Your headbutt misses Eustachio.
Eustachio is moderately wounded.
You barely miss the bat. You barely miss the river rat. The bat hits you.
The river rat bites you. Eustachio hits you with a +0 rapier!
* * * LOW HITPOINT WARNING * * *
Eustachio attacks as you move away! Eustachio hits you with a +0 rapier.
* * * LOW HITPOINT WARNING * * *
The bat hits you.
* * * LOW HITPOINT WARNING * * *
The bat closely misses you. The river rat bites you.
* * * LOW HITPOINT WARNING * * *
You miss the bat. You hit Eustachio but do no damage.
You closely miss the river rat. The bat barely misses you.
You furiously retaliate!
You headbutt the bat.
You kill the bat!
The bat's corpse disappears in a puff of smoke!
The river rat barely misses you.
Eustachio mumbles some strange words.
Eustachio blinks!
You feel better. The river rat bites you!
* * * LOW HITPOINT WARNING * * *
Eustachio hits you with a +0 rapier.
* * * LOW HITPOINT WARNING * * *
It was a potion of flight.
You feel very buoyant.
You fly up into the air.
The river rat bites you.
You die...

#....#..### #..###..#
#..# #..# #..# #..#
###..###..#
..........######
##..##......... ####
#.§##)........ #...
#.§@@r..###### #.##
#.###.### #.# #.# #.#
#.# ##.# #.# #.#
#..######## ### ###.##
#.###.###.###.###.#..#
#..#.#.#.#.#.#.#.#...#
#..#.#.#.#.#.#.#.#...#
###.###.###.###.######


You could see Eustachio and a river rat (summoned).

Vanquished Creatures
  Ijyb (D:4)
  2 orc wizards (D:3)
  Natasha (thrice) (D:3)
  3 gnolls (D:2)
  3 adders
  2 worms (D:2)
  2 dart slugs (D:2)
  6 orcs (D:3)
  3 endoplasms
  A giant cockroach (D:1)
  7 goblins
  8 hobgoblins
  3 kobolds (D:2)
  A quokka (D:4)
  9 ball pythons
  5 bats
  3 frilled lizards
  3 rats
65 creatures vanquished.

Vanquished Creatures (others)
  8 plants
8 creatures vanquished.

Grand Total: 73 creatures vanquished

Notes
Turn   | Place    | Note
-------+----------+-------------------------------------------
     0 | D:1      | Anon1729 the Minotaur Monk began the quest for the Orb.
     0 | D:1      | Reached XP level 1. HP: 19/19 MP: 0/0
   345 | D:1      | Reached XP level 2. HP: 27/27 MP: 1/1
   540 | D:1      | Reached skill level 1 in Armour
  1043 | D:2      | Reached XP level 3. HP: 32/33 MP: 2/2
  1396 | D:2      | Reached XP level 4. HP: 12/41 MP: 3/3
  1878 | D:3      | Noticed Natasha
  1886 | D:3      | Killed Natasha
  1920 | D:3      | Found a shimmering altar of Xom.
  2137 | D:3      | Reached XP level 5. HP: 32/47 MP: 4/4
  2311 | D:3      | Noticed Natasha
  2317 | D:3      | Killed Natasha
  2412 | D:3      | Reached skill level 1 in Invocations
  2637 | D:3      | Noticed Natasha
  2649 | D:3      | Killed Natasha
  2650 | D:3      | Reached skill level 5 in Axes
  2731 | D:3      | Found an ornate altar of the Wu Jian Council.
  2731 | D:3      | Found a glowing silver altar of Zin.
  2732 | D:3      | Found a white marble altar of Elyvilon.
  2764 | D:4      | Found Amita's Antique Weapon Shop.
  2764 | D:4      | Noticed Ijyb
  2784 | D:4      | Killed Ijyb
  2785 | D:4      | Reached skill level 5 in Fighting
  2785 | D:4      | Reached XP level 6. HP: 37/56 MP: 5/5
  3000 | D:4      | Noticed Eustachio
  3037 | D:4      | HP: 2/56 [Eustachio/+0 rapier (3)]
  3038 | D:4      | Slain by a river rat

Illustrated notes

Levels and vault maps discovered:
D:1:      lightli_molten_gateway, layout_loops_ring
D:2:      layout_loops_cross, serial_forest, infiniplex_forest_clump_double,
          infiniplex_forest_clump_small, infiniplex_forest_zigzag_2,
          infiniplex_forest_lined_2, infiniplex_forest_clump_medium,
          infiniplex_forest_clump_C, infiniplex_forest_end_2,
          infiniplex_forest_straight_4, minmay_misc_feat_ornament
D:3:      layout_basic, lemuel_crystal_altar, gammafunk_temple_overflow_claw,
          uniq_natasha
D:4:      layout_loops_ring, serial_shops, nicolae_shop_overgrown_old_shop,
          grunt_decor_resistance, uniq_ijyb, uniq_eustachio

Skill      XL: |  1  2  3  4  5 |
---------------+----------------+-----
Armour         | 1 2 3 |  3.1
Fighting       | 4 5 |  5.0
Axes           | 4 5 |  5.1
Dodging        | 4 |  4.6
Invocations    | 1 |  1.3
Stealth        | |  1.5

Action                     |  1- 3 |  4- 6 || total
---------------------------+-------+-------++-------
  Melee: Hand axe          |    72 |   134 ||   206
         Headbutt          |    15 |    27 ||    42
         Punch             |       |     2 ||     2
    Use: Potion            |       |     3 ||     3
   Stab: Sleeping          |     2 |       ||     2
 Armour: Robe              |    18 |    35 ||    53
  Dodge: Dodged            |    53 |    85 ||   138

Table legend: (Time is in decaauts)
 A = Elapsed time spent in this place.
 B = Non-inter-level travel time spent in this place.
 C = Inter-level travel time spent in this place.
 D = Time resting spent in this place.
 E = Time spent auto-exploring this place.
 F = Levels seen in this place.
 G = Mean time per level.
                   A        B        C        D        E       F      G
               +--------+--------+--------+--------+--------+-----+--------+
         Total |   3064 |   2946 |    118 |      0 |   2346 |   4 |  766.0 |
       Dungeon |   3064 |   2946 |    118 |      0 |   2346 |   4 |  766.0 |
               +--------+--------+--------+--------+--------+-----+--------+

Top non-repeatable levels by time:
     D:2: 1000 daAuts
     D:3: 899 daAuts
     D:1: 884 daAuts
     D:4: 279 daAuts
